 Dungeon Crawl Stone Soup version 0.26-a0-667-g92642533e4 (webtiles) character file.

Game seed: 13013037336746258111

8701 Descartes the Frost Mage (level 11, -7/54 HPs)
             Began as a Deep Elf Ice Elementalist on Oct 15, 2020.
             Was a Believer of Vehumet.
             Killed from afar by a wretched star (20 damage)
             ... with a lance of force
             ... on level 1 of the Abyss on Oct 16, 2020.
             The game lasted 00:42:39 (12634 turns).

Descartes the Frost Mage (DEIE)                    Turns: 12634, Time: 00:42:40

Health: -7/54      AC:  7    Str:  4    XL:     11   Next: 13%
Magic:  19/21      EV: 13    Int: 21    God:    Vehumet [**....]
Gold:   529        SH: 10    Dex: 11    Spells: 20/29 levels left

rFire    . . .     SeeInvis .   b - +2 dagger (elec)
rCold    . . .     Faith    .   L - +2 kite shield
rNeg     + . .     Spirit   .   Q - +0 troll leather armour
rPois    .         Reflect  .   (no helmet)
rElec    .         Harm     .   c - +1 cloak
rCorr    .         Rampage  .   J - +0 pair of gloves
MR       +....                  (no boots)
Stlth    +++.......             (no amulet)
HPRegen  0.58/turn              l - ring of positive energy
MPRegen  0.17/turn              (no ring)

@: frozen ramparts
A: [clumsy 2], [low mp 2], [screaming 2], [weak 2], [subdued magic 2]
a: Renounce Religion


You were on level 1 of the Abyss.
You worshipped Vehumet.
Vehumet was pleased with you.
You visited 2 branches of the dungeon, and saw 10 of its levels.
You visited the Abyss 1 time.
You also visited: Sewer.

You collected 672 gold pieces.
You spent 143 gold pieces at shops.

Inventory:

Hand Weapons
 a - a +2 vorpal hunting sling
 b - a +2 dagger of electrocution (weapon)
 d - a +0 quarterstaff
 w - a +3 longbow
 F - a +0 vampiric dagger
 M - the +1 dagger of Teptaewi {antimagic, rC+}
   (You found it on level 7 of the Dungeon)

   It reduces the magical energy of the wielder, and disrupts the spells and
   magical abilities of those hit.
   Natural abilities and divine invocations are not affected.
   It protects you from cold.
Missiles
 i - 248 stones (quivered)
 k - 163 arrows
 n - 157 sling bullets
 q - 22 poisoned darts
 y - 79 bolts
 C - 9 boomerangs
 I - 6 javelins
 O - 2 silver boomerangs
Armour
 c - a +1 cloak (worn)
 J - a +0 pair of gloves (worn)
 L - a +2 kite shield (worn)
 Q - a +0 troll leather armour (worn)
Jewellery
 l - a ring of positive energy (left hand)
 v - an uncursed ring of fire
Wands
 h - a wand of paralysis (10)
Scrolls
 o - 7 scrolls of fear
 r - 9 scrolls of remove curse
 s - 9 scrolls of teleportation
 E - a scroll of fog {unknown}
 G - 4 scrolls of amnesia {unknown}
 H - 4 scrolls of identify
 P - a scroll of enchant armour
Potions
 e - 7 potions of degeneration
 g - 2 potions of haste
 j - a potion of might {unknown}
 m - 2 potions of brilliance {unknown}
 p - 3 potions of magic
 u - 2 potions of mutation
 x - 5 potions of flight
 z - a potion of lignification {unknown}
 A - 3 potions of berserk rage
 B - 2 potions of stabbing
 D - a potion of curing
 K - a potion of invisibility {unknown}
 N - a potion of resistance {unknown}
Miscellaneous
 f - a lightning rod (4/4)


   Skills:
 + Level 9.4 Dodging
 - Level 8.0 Stealth
 + Level 4.5 Shields
 + Level 9.6 Spellcasting
 - Level 6.0 Conjurations
 - Level 12.0 Ice Magic
 + Level 3.9 Air Magic
 + Level 2.3 Evocations


You had 20 spell levels left.
You knew the following spells:

 Your Spells              Type           Power        Failure   Level
a - Freeze                Ice            ####         1%          1
b - Frozen Ramparts       Ice            #####.       1%          3
c - Hailstorm             Conj/Ice       ####....     8%          4
d - Shock                 Conj/Air       ###.         3%          1

Your spell library contained the following spells:

 Spells                   Type           Power        Failure   Level
 Foxfire                  Conj/Fire      ##..         10%         1
 Ozocubu's Armour         Ice            #####...     1%          3
 Ice Form                 Ice/Tmut       ###.....     28%         4
 Summon Ice Beast         Ice/Summ       ###.....     28%         4
 Beastly Appendage        Tmut           #.....       34%         1
 Summon Small Mammal      Summ           #...         34%         1
 Call Imp                 Summ           #.......     50%         2
 Wereblood                Tmut           #.......     50%         2
 Call Canine Familiar     Summ           #.......     75%         3
 Spider Form              Tmut/Pois      #.........   75%         3
 Summon Guardian Golem    Hex/Summ       #.......     75%         3
 Summon Lightning Spire   Summ/Air       ##......     87%         4
 Blade Hands              Tmut           #.........   100%        5
 Summon Demon             Summ           #.........   100%        5
 Summon Forest            Summ/Tloc      #.........   100%        5
 Summon Mana Viper        Hex/Summ       #.......     100%        5
 Shadow Creatures         Summ           N/A          100%        6
 Summon Hydra             Summ           #.........   100%        7


Dungeon Overview and Level Annotations

Branches:
Dungeon (9/15)             Temple (1/1) D:6           Sewer (visited)
   Lair: D:8-11         Orc: D:9-12

Altars:
Ashenzari
Cheibriados
Dithmenos
Elyvilon
Fedhas
Gozag
Hepliaklqana
Kikubaaqudgha
Makhleb
Nemelex Xobeh
Okawaru
Qazlal
Ru
Sif Muna
Trog
Uskayaw
Vehumet
Wu Jian
Xom
Yredelemnul
Zin
The Shining One
Lugonu

Shops:
D:6 !

Annotations:
D:2 exclusion: ice beast
D:8 1 runed translucent door, PentaManta's ghost, novice SpBe
D:9 Tux's ghost, novice SpDe


Innate Abilities, Weirdness & Mutations

[You are very clumsy. (Dex -4)]
[Your magical capacity is very low. (-20% MP)]
[You sometimes yell uncontrollably at your foes.]
[You are very weak. (Str -4)]
[Your spells are easier to cast, but less powerful.]


Message History

You closely miss the wretched star.
The wretched star is heavily damaged.
The wretched star resists.
The wall freezes the wretched star.
The wretched star glows turbulently.
The lance of force hits you!
* * * LOW HITPOINT WARNING * * *
You are knocked back by the lance of force.
Casting: Frozen Ramparts (safe; 1% risk of failure)
Confirm with . or Enter, or press ? or * to list all spells.
You cannot sustain more frozen ramparts right now.
The wretched star resists.
The wall freezes the wretched star.
The wretched star completely resists.
The wall freezes the wretched star but do no damage.
The wretched star resists.
The wall freezes the wretched star.
You hit the wretched star but do no damage.
The wretched star is severely damaged.
The wretched star resists.
The wall freezes the wretched star.
The wretched star glows turbulently.
The lance of force hits you!!
You die...

. # . ###.##
## # .. ##
..### #.# .
.#.....#..#.#
. .......#.#
. ...#..#.# .
## . ###...#
# ###.# . #
... # #*# . .
. .. #@# . ..
.. #.# #...
#.# ..# # #
#.# .# ## #.#
. . ### . ..
#


You could see a wretched star.

Vanquished Creatures
  3 two-headed ogres
  A large abomination (Abyss:1)
  A worldbinder (Abyss:1)
  An orange demon (Abyss:1)
  An ancient zyme (Abyss:1)
  A troll (D:9)
  2 raiju (Abyss:1)
  A ynoxinul (Abyss:1)
  2 small abominations (Abyss:1)
  A chaos spawn (Abyss:1)
  A swamp worm (D:7)
  A hell hound (Abyss:1)
  2 ice beasts (D:5)
  3 orc warriors
  2 sky beasts (D:8)
  2 black bears
  A phantom (D:9)
  6 centaurs
  4 ogres
  Blork the orc (D:4)
  4 big kobolds
  5 bullfrogs
  2 scorpions
  A centaur zombie (D:6)
  8 hounds
  A quasit (D:9)
  A bullfrog zombie (D:5)
  5 orc priests
  A centaur skeleton (D:5)
  10 orc wizards
  A jelly (D:8)
  2 bullfrog skeletons
  An iguana (D:7)
  4 worker ants
  2 hound skeletons
  17 adders
  7 gnolls
  3 river rats
  A white imp (D:5)
  5 ufetubi
  4 oozes
  2 adder skeletons
  8 worms
  2 dart slugs
  9 leopard geckos
  35 orcs
  4 giant cockroaches
  16 goblins
  7 hobgoblins
  10 jackals (D:2)
  7 quokkas
  2 ball pythons (Sewer)
  9 bats
  A frilled lizard (D:1)
  12 kobolds
  2 leopard gecko skeletons
  12 rats
  A butterfly (D:6)
  A lurking horror (Abyss:1)
262 creatures vanquished.

Vanquished Creatures (others)
  2 plants (D:7)
2 creatures vanquished.

Grand Total: 264 creatures vanquished

Notes
Turn   | Place    | Note
-------+----------+-------------------------------------------
     0 | D:1      | Descartes the Deep Elf Ice Elementalist began the quest for
                  | the Orb.
     0 | D:1      | Reached XP level 1. HP: 10/10 MP: 6/6
   134 | D:1      | Reached XP level 2. HP: 15/15 MP: 6/8
   552 | D:1      | Reached skill level 5 in Ice Magic
   554 | D:1      | Reached XP level 3. HP: 19/19 MP: 6/9
   872 | D:2      | Found a glowing silver altar of Zin.
  1827 | D:2      | Reached XP level 4. HP: 24/24 MP: 6/10
  1864 | D:2      | Found a sacrificial altar of Ru.
  1914 | D:2      | Learned a level 3 spell: Frozen Ramparts
  2035 | D:2      | Noticed an ice beast
  2084 | D:2      | Noticed a +0 hand axe
  2084 | D:2      | Noticed a +0 hand axe
  2086 | D:2      | Found a hide-covered altar of Uskayaw.
  2094 | D:2      | Found a bloodstained altar of Trog.
  2536 | D:2      | Found a shimmering blue altar of Sif Muna.
  2789 | D:3      | Found a stormy altar of Qazlal.
  2848 | D:3      | Reached XP level 5. HP: 28/28 MP: 7/11
  2951 | D:3      | You fall into a shaft and drop 3 floors!
  2960 | D:6      | Reached skill level 6 in Ice Magic
  3176 | D:6      | Found a white marble altar of Elyvilon.
  3183 | D:6      | Noticed a centaur
  3209 | D:6      | Found Yxten's Distillery.
  3218 | D:6      | Bought a potion of berserk rage for 55 gold pieces
  3218 | D:6      | Bought a potion of degeneration for 11 gold pieces
  3218 | D:6      | Bought a potion of flight for 33 gold pieces
  3218 | D:6      | Bought a potion of stabbing for 44 gold pieces
  3223 | D:6      | Reached skill level 9 in Ice Magic
  3223 | D:6      | Reached XP level 6. HP: 32/32 MP: 12/17
  3577 | D:6      | Reached XP level 7. HP: 31/36 MP: 14/18
  3709 | D:5      | Entered Level 5 of the Dungeon
  3736 | D:4      | Noticed Blork the orc
  3841 | D:4      | Found a glowing drain.
  3851 | Sewer    | Entered a sewer
  4645 | D:3      | Reached XP level 8. HP: 41/41 MP: 16/20
  5143 | D:4      | Reached skill level 10 in Ice Magic
  5146 | D:4      | Killed Blork the orc
  5247 | D:4      | Learned a level 4 spell: Hailstorm
  5696 | D:4      | Found an opulent altar of Gozag.
  5858 | D:4      | Found a burning altar of Makhleb.
  6066 | D:4      | Upgraded the game from 0.26-a0-665-gefeb406119 to
                  | 0.26-a0-667-g92642533e4
  8006 | D:6      | Reached XP level 9. HP: 45/45 MP: 19/22
  8058 | D:6      | Found a staircase to the Ecumenical Temple.
  8063 | Temple   | Entered the Ecumenical Temple
  8110 | Temple   | Became a worshipper of Vehumet
  8427 | D:7      | Found a hide-covered altar of Uskayaw.
  8670 | D:7      | Reached * piety under Vehumet
  8670 | D:7      | Offered knowledge of Shock by Vehumet.
  8673 | D:7      | Learned a level 1 spell: Shock
  9313 | D:7      | Reached skill level 11 in Ice Magic
  9330 | D:7      | Got a crude dagger
  9331 | D:7      | Identified the cursed +1 dagger of Teptaewi {antimagic,
                  | rC+} (You found it on level 7 of the Dungeon)
  9461 | D:8      | Found a runed translucent door.
  9480 | D:8      | Noticed PentaManta's ghost (novice SpBe)
  9815 | D:8      | Reached skill level 1 in Air Magic
 10172 | D:8      | Reached skill level 5 in Conjurations
 10488 | D:8      | Found a glowing golden altar of the Shining One.
 10587 | D:8      | Noticed a two-headed ogre
 10622 | D:8      | Killed a two-headed ogre
 10622 | D:8      | Reached XP level 10. HP: 50/50 MP: 19/24
 10663 | D:8      | Found a sparkling altar of Nemelex Xobeh.
 10821 | D:8      | Found an ancient bone altar of Kikubaaqudgha.
 10827 | D:8      | Found an opulent altar of Gozag.
 11325 | D:9      | Found a hazy altar of Hepliaklqana.
 11380 | D:9      | Noticed a two-headed ogre
 11398 | D:9      | Killed a two-headed ogre
 11614 | D:9      | Found an ornate altar of the Wu Jian Council.
 11964 | D:9      | Noticed a two-headed ogre
 12009 | D:9      | Killed a two-headed ogre
 12009 | D:9      | Reached skill level 12 in Ice Magic
 12183 | D:9      | Found a runed translucent gate.
 12183 | D:9      | Found a runed translucent gate.
 12184 | D:9      | Found a runed translucent gate.
 12317 | D:9      | Noticed Tux's ghost (novice SpDe)
 12333 | D:9      | Cast into level 1 of the Abyss (Tux's ghost)
 12339 | Abyss:1  | Noticed an Executioner
 12419 | Abyss:1  | Noticed an orange demon
 12422 | Abyss:1  | Offered knowledge of Foxfire by Vehumet.
 12432 | Abyss:1  | Reached ** piety under Vehumet
 12435 | Abyss:1  | Reached skill level 1 in Evocations
 12437 | Abyss:1  | Killed an orange demon
 12519 | Abyss:1  | Noticed a worldbinder
 12526 | Abyss:1  | Noticed a black mamba
 12536 | Abyss:1  | Noticed a large abomination
 12537 | Abyss:1  | Killed a worldbinder
 12537 | Abyss:1  | Reached XP level 11. HP: 37/54 MP: 20/26
 12547 | Abyss:1  | Killed a large abomination
 12610 | Abyss:1  | Noticed a wretched star
 12634 | Abyss:1  | Killed from afar by a wretched star

Illustrated notes

Levels and vault maps discovered:
D:1:      psy_arrival_statuary, layout_basic, minmay_splitting_lines,
          fountainhead, minmay_pentomino_z2
D:2:      layout_loops_ring, lemuel_coloured_pillars_altar,
          nicolae_overflow_hidden_temple, dancing_weapons_uskayaw,
          marbit_many_paths, lemuel_doored_altar
D:3:      minmay_door_path, layout_loops_ring, lemuel_round_altar
D:4:      cheibrodos_greedy_goblins, layout_cave_pools, kennysheep_mini,
          portal_sewer_entry_b, nicolae_gozag_cash_rules_everything_around_me,
          uniq_blork_the_orc
D:5:      layout_rooms
D:6:      layout_loops_ring, elyvilon_altar_3, minmay_temple_entry_butterflies,
          serial_shops, nicolae_shop_competitors_out_of_business
D:7:      layout_cave_pools, basic_altar, minmay_misc_feat_ornament,
          worms_lemuel
D:8:      minmay_four_partial_circles, layout_layer_cave, tso_oasis_becter,
          amethyst_overflow_temple_binary, nemelex_xobeh_ov_fountains_minmay,
          ebering_ghost_reflecting_pool, kennysheep_nub
D:9:      layout_irregular_city, kennysheep_mini_moat, lemuel_crystal_altar,
          ebering_ghost_rock_garden, minmay_tree_intersection
Temple:   corrupted_temple
Abyss:1:  base:
D:2

Skill      XL: |  1  2  3  4  5  6  7  8  9 10 11 |
---------------+----------------------------------+-----
Stealth        | 3 4 7 8 |  8.0
Ice Magic      | 5 9 10 11 12 | 12.0
Dodging        | 3 6 7 8 9 |  9.4
Shields        | 3 4 |  4.5
Spellcasting   | 6 7 8 9 |  9.6
Conjurations   | 4 5 6 |  6.0
Air Magic      | 2 3 |  3.9
Evocations     | 1 2 |  2.3

Action                   |  1- 3 |  4- 6 |  7- 9 | 10-12 || total
-------------------------+-------+-------+-------+-------++-------
Melee: Unarmed           |     1 |       |       |       ||     1
       Dagger            |     3 |       |    82 |    62 ||   147
       Whip              |     9 |    19 |       |       ||    28
       Longbow           |       |       |     2 |       ||     2
 Fire: Hunting sling     |       |    19 |       |     3 ||    22
       Longbow           |       |    12 |   162 |       ||   174
 Cast: Freeze            |    67 |    42 |    54 |    14 ||   177
       Frozen Ramparts   |       |     4 |    74 |    34 ||   112
       Shock             |       |       |     2 |       ||     2
  Use: Potion            |       |     4 |     1 |     2 ||     7
       Scroll            |       |     5 |     8 |     1 ||    14
 Stab: Sleeping          |     1 |     1 |     3 |     2 ||     7
Armor: Robe              |     7 |    19 |       |       ||    26
       Leather armour    |       |       |    44 |     3 ||    47
       Troll leather arm |       |       |       |    15 ||    15
Dodge: Dodged            |    32 |    68 |   175 |    47 ||   322
Block: Kite shield       |       |       |       |    46 ||    46

Table legend: (Time is in decaauts)
 A = Elapsed time spent in this place.
 B = Non-inter-level travel time spent in this place.
 C = Inter-level travel time spent in this place.
 D = Time resting spent in this place.
 E = Time spent auto-exploring this place.
 F = Levels seen in this place.
 G = Mean time per level.
                   A        B        C        D        E       F      G
               +--------+--------+--------+--------+--------+-----+--------+
         Total |  12873 |  12486 |    387 |    360 |   9604 |  12 | 1072.8 |
       Dungeon |  11970 |  11599 |    371 |    258 |   9248 |   9 | 1330.0 |
        Temple |     63 |     47 |     16 |      0 |     26 |   1 |   63.0 |
         Abyss |    302 |    302 |      0 |     57 |      8 |   1 |  302.0 |
         Sewer |    536 |    536 |      0 |     45 |    322 |   1 |  536.0 |
               +--------+--------+--------+--------+--------+-----+--------+

Top non-repeatable levels by time:
     D:2: 1963 daAuts
     D:8: 1885 daAuts
     D:6: 1688 daAuts
     D:5: 1337 daAuts
     D:4: 1268 daAuts
     D:7: 1099 daAuts
     D:9: 1014 daAuts
     D:3: 889 daAuts
     D:1: 824 daAuts
   Sewer: 536 daAuts
 Abyss:1: 302 daAuts
  Temple: 63 daAuts
